AoeStats
← Mr. Penis

Pilgrims

509599798Analyzed
4v4 RM · 3d ago on Sep 27, 2026· 51m 16s· 8 players
Game mode
Random Map
Map size
Large (8 player)
Population
200
Speed
Normal
Resources
Standard
Victory
Conquest
Starting age
Dark Age
Ending age
Imperial Age
RankedLock teamsTeams togetherTeam positionsShared explorationLock speedFull tech treeHidden civsTurbo modeCheats
Victory
Defeat
🇦🇺 Vietnamese · Australia
1244
+18
🇦🇺 Italians · Australia
1227
+18
🇦🇺 Huns · Australia
1217
+18
🇦🇺 Danes · Australia
1212
+19
🇻🇳 Danes · Vietnam
1296
-19
🇮🇳 Vikings · India
1288
-19
🇷🇺 Jurchens · Russia
1280
-18
🇯🇵 Sicilians · Japan
1239
-17
maniaaaaaac
7:43 Loom
10:22 Feudal Age
21:06 Castle Age
20:04 Fishing Lines
20:53 Fletching
21:56 Medium Warships
21:43 Gillnets
31:08 Double-Bit Axe
32:30 Bodkin Arrow
168kcal
6:49 Loom
12:00 Feudal Age
15:42 Castle Age
13:52 Double-Bit Axe
15:24 Wheelbarrow
15:01 Horse Collar
16:39 Bow Saw
17:17 Fletching
20:43 Scale Barding Armor
21:49 Husbandry
24:11 Chain Barding Armor
25:51 Town Watch
26:25 Bodkin Arrow
26:40 Stone Mining
26:40 Gold Mining
32:44 Bloodlines
34:07 First Crusade
33:49 Scale Mail Armor
34:16 Forging
34:46 Chain Mail Armor
34:52 Squires
34:38 Arson
36:17 Iron Casting
37:40 Heavy Plow
37:30 Gold Mining
40:53 Imperial Age
38:26 Padded Archer Armor
42:31 Imperial Age
40:17 Hand Cart
40:41 Gold Shaft Mining
39:51 Pikeman
43:43 Plate Mail Armor
44:14 Blast Furnace
43:00 Halberdier
43:07 Capped Ram
44:00 Elite Serjeant
44:07 Siege Ram
Mr. Penis
13:06 Feudal Age
14:24 Fishing Lines
18:40 Castle Age
16:28 Loom
17:02 Double-Bit Axe
19:44 Bow Saw
20:04 Medium Warships
25:04 Horse Collar
29:06 Heavy Plow
30:23 Wheelbarrow
31:00 Scale Barding Armor
31:26 Bloodlines
32:00 Husbandry
36:10 Chain Barding Armor
38:02 Hand Cart
37:32 Town Watch
47:25 Imperial Age
44:56 Town Patrol
48:23 Elite Steppe Lancer
NPChinh
1:38 Loom
13:36 Feudal Age
15:38 Wheelbarrow
14:48 Town Watch
14:52 Double-Bit Axe
14:52 Fishing Lines
17:23 Fletching
17:34 Padded Archer Armor
20:45 Castle Age
18:34 Man-at-Arms
19:00 Arson
21:42 Hand Cart
21:55 Bow Saw
22:00 Gillnets
22:59 Bodkin Arrow
23:20 Leather Archer Armor
24:39 Ballistics
24:30 Careening
24:32 Clinker Construction
28:49 Stone Mining
30:25 Gold Mining
31:28 Town Patrol
32:43 Gold Shaft Mining
38:20 Imperial Age
38:24 Elite Longship
39:31 Bracer
40:01 Ring Archer Armor
40:33 Chemistry
39:03 Northmen's Fury
39:44 Elite Longship
40:58 Carvel Hull
43:48 Dry Dock
44:10 Shipwright
47:45 Masonry
captainmcawesome95
13:47 Feudal Age
14:41 Double-Bit Axe
14:40 Fishing Lines
17:24 Fletching
20:35 Castle Age
18:36 Gold Mining
21:26 Medium Warships
21:15 Bodkin Arrow
21:35 Bow Saw
22:36 Careening
22:37 Clinker Construction
24:32 Ballistics
27:39 Gillnets
30:42 Wheelbarrow
29:49 Horse Collar
32:05 Loom
32:36 Hand Cart
33:38 Caravan
46:21 Imperial Age
47:29 Heavy Warships
47:12 Bracer
48:17 Chemistry
47:46 Dry Dock
Simo
9:43 Feudal Age
13:34 Fletching
16:46 Fishing Lines
19:22 Castle Age
20:02 Bodkin Arrow
20:22 Medium Warships
20:41 Gillnets
24:14 Clinker Construction
24:07 Double-Bit Axe
24:04 Horse Collar
25:39 Ballistics
27:29 Wheelbarrow
28:04 Heavy Plow
28:06 Town Watch
28:49 Forging
32:12 Imperial Age
30:12 Bloodlines
30:25 Husbandry
30:56 Hand Cart
30:27 Loom
30:42 Gold Mining
32:39 Iron Casting
33:21 Scale Barding Armor
33:25 Town Watch
34:40 Cavalier
42:39 Gold Shaft Mining
41:57 Paladin
RemarkabLeigh
5:44 Loom
11:49 Feudal Age
12:04 Man-at-Arms
12:33 Double-Bit Axe
12:31 Fishing Lines
14:07 Arson
14:42 Town Watch
17:36 Castle Age
15:51 Fletching
16:58 Scale Mail Armor
17:09 Forging
16:58 Stone Mining
16:59 Gold Mining
19:33 Gillnets
20:02 Chain Mail Armor
21:56 Iron Casting
22:35 Gold Shaft Mining
30:51 Masonry
31:09 Ballistics
32:37 Hamask
38:20 Wheelbarrow
39:13 Bodkin Arrow
41:21 Bow Saw
43:05 Murder Holes
53:04 Imperial Age
smashbot
4:19 Loom
15:01 Feudal Age
16:00 Double-Bit Axe
15:57 Horse Collar
17:07 Fletching
19:40 Castle Age
17:30 Fishing Lines
20:43 Stone Mining
21:04 Bow Saw
21:09 Medium Warships
20:57 Bodkin Arrow
21:12 Gillnets
21:56 Careening
23:22 Clinker Construction
25:51 Siphons
27:41 Horse Collar
31:47 Silk Road
32:49 Wheelbarrow
31:59 Town Watch
36:05 Imperial Age
37:16 Heavy Warships
37:15 Carvel Hull
37:17 Dry Dock
37:57 Chemistry
37:51 Incendiaries
40:15 Conscription
40:05 Pirotechnia
40:03 Town Patrol
40:40 Demolition Ship
41:06 Elite Genoese Crossbowman
42:10 Ballistics
46:03 Shipwright
46:10 Bracer
46:17 Padded Archer Armor
47:13 Thumb Ring
Connection lost

Rejoining the realm…

Still unreachable

The connection could not be restored.

Session expired

The server has moved on; the page needs a fresh start.